 Dungeon Crawl Stone Soup version 0.27.1-2-g3b301248ec (webtiles) character file.

Game seed: 2199984168815472550

733 barney the Sneak (level 7, 0/53 HPs)
             Began as a Vampire Berserker on Sept 26, 2021.
             Was a Priest of Trog (penitent).
             Killed from afar by an orc wizard (5 damage)
             ... with a magic dart
             ... on level 4 of the Dungeon.
             The game lasted 00:08:12 (3504 turns).

barney the Sneak (Vampire Berserker)                Turns: 3504, Time: 00:08:12

Health: 0/53       AC:  4    Str: 22    XL:     7   Next: 45%
Magic:  7/7        EV: 14    Int: 12    God:    Trog [*]
Gold:   102        SH:  5    Dex: 19    Spells: 4/6 levels left

rFire    . . .     SeeInvis +   a - +1 falchion (flame)
rCold    . . .     Faith    .   (no shield)
rNeg     . . .     Spirit   .   b - +0 animal skin
rPois    .         Reflect  +   (helmet restricted)
rElec    .         Harm     .   y - +0 cloak
rCorr    .         Rampage  .   (no gloves)
Will     .....     Rnd*Rage +   A - +0 pair of boots
Stlth    +++.......             l - amulet of reflection
HPRegen  0.37/turn              g - +6 ring of dexterity
MPRegen  0.10/turn              k - +6 ring of strength

@: healing quickly
A: alive, fangs 3, see invisible, vampiric 2, horns 1, berserk 1, noise
suppression
a: Exsanguinate, Renounce Religion


You were on level 4 of the Dungeon.
You worshipped Trog.
Trog was demanding penance.
You visited 2 branches of the dungeon, and saw 5 of its levels.
You also visited: Sewer.

You collected 102 gold pieces.

Inventory:

Hand Weapons
 a - a +1 falchion of flaming (weapon)
 d - a +2 short sword of freezing
 j - a +0 whip of pain
 x - a +2 quarterstaff of chaos
Missiles
 c - a throwing net (quivered)
Armour
 b - a +0 animal skin (worn)
 y - a +0 cloak (worn)
 A - a +0 pair of boots (worn)
Magical Staves
 p - a staff of cold
Jewellery
 e - a ring of willpower
 g - a +6 ring of dexterity (left hand)
 k - a +6 ring of strength (right hand)
 l - an amulet of reflection (around neck)
 m - an amulet of the acrobat
 r - a ring of see invisible
 s - a ring of resist corrosion
 v - a ring of willpower
Scrolls
 f - 4 scrolls of teleportation
 i - 4 scrolls of identify
 u - 3 scrolls of enchant weapon
Potions
 h - a potion of might
 n - 2 potions of haste
 o - a potion of invisibility
 q - a potion of attraction {unknown}
 t - 3 potions of heal wounds
 w - a potion of flight


   Skills:
 + Level 3.9 Fighting
 + Level 4.2 Long Blades
 + Level 3.1 Armour
 + Level 4.2 Dodging
 + Level 4.6 Stealth
 + Level 3.3 Unarmed Combat
 * Level 0.0 Transmutations
 + Level 1.8 Evocations


You had 4 spell levels left.
You knew the following spells:

 Your Spells              Type           Power      Damage    Failure   Level
a - Wereblood             Tmut           0%         N/A       45%         2

Your spell library contained the following spells:

 Spells                   Type           Power      Damage    Failure   Level
 Beastly Appendage        Tmut           0%         N/A       32%         1
 Spider Form              Tmut/Pois      0%         N/A       69%         3


Dungeon Overview and Level Annotations

Branches:
Dungeon (4/15)             Temple (1/1) D:4           Sewer (visited)

Altars:
Dithmenos
Elyvilon
Fedhas
Gozag
Kikubaaqudgha
Nemelex Xobeh
Okawaru
Ru
Sif Muna
Yredelemnul
Zin


Innate Abilities, Weirdness & Mutations

Your natural rate of healing is accelerated.
You have razor-sharp teeth.
You have supernaturally acute eyesight. (SInv)
You are afflicted with vampirism and can become a bat while bloodless.
You have a pair of small horns on your head.
You tend to lose your temper in combat.
You passively dampen the noise of your surroundings.


Message History

The orc misses you.
The orc priest calls upon Beogh to heal the orc.
The orc is healed somewhat.
The orc warrior misses you.
The orc priest hits you with a +0 war axe.
The orc completely misses you.
The orc wizard hits you with a +0 dagger.
You feel less confused. The orc misses you. x2
The orc wizard gestures wildly while chanting.
The orc wizard flickers and vanishes for a moment.
You slash the orc! You burn the orc.
You kill the orc!
Trog accepts your kill.
An orc comes into view. It is wielding a +0 club.
The orc misses you.
You riposte.
The orc shouts!
You hit the orc but do no damage. You bite the orc.
The orc is almost dead.
The orc wizard points at you and mumbles some strange words.
You easily resist.
The orc warrior hits you with a +0 halberd!
The orc priest closely misses you.
Unknown command.
You hit the orc priest. You burn the orc priest.
Your headbutt misses the orc priest.
The orc priest is moderately wounded.
The orc barely misses you. The orc warrior completely misses you.
You riposte.
You hit the orc warrior but do no damage.
The orc hits you with a +0 dagger.
The orc priest hits you with a +0 war axe.
The orc hits you with a +0 falchion.
The orc warrior hits you with a +0 halberd!!
* * * LOW HITPOINT WARNING * * *
The orc hits you with a +0 falchion.
* * * LOW HITPOINT WARNING * * *
You barely miss the orc priest. Your headbutt misses the orc priest.
The orc priest is moderately wounded.
The orc wizard points at you and mumbles some strange words.
The magic dart hits you.
You die...

### ..### ....# ###.#.#
# #.. #.#<#.#.# . #..
#.#(#.#.#####.#
#.#.#...#.#.#...oo....#
#.#.#...#.#.#...@oo...#
.............>.ooo.?....
#.#.#####...#.#.#####.##
..#.#####...#.#.#
............#.#.#
.....#####..#.#.#
.....#####..#.#.#
..............#.#
.....####..####.#


You could see an orc warrior, an orc priest, an orc wizard (invisible) and 4
orcs.

Vanquished Creatures
  Duvessa (D:4)
  4 kobold brigands (Sewer)
  Dowan (D:4)
  Crazy Yiuf (D:2)
  An iguana (D:3)
  Robin (D:2)
  8 gnolls
  5 adders
  An ufetubus (D:4)
  2 worms
  A dart slug (D:2)
  5 orcs
  8 ball pythons
  4 bats
  7 endoplasms
  4 giant cockroaches
  11 goblins
  6 hobgoblins
  2 jackals (D:1)
  4 quokkas
  5 frilled lizards
  15 kobolds
  8 rats
105 creatures vanquished.

Vanquished Creatures (others)
  10 plants (D:2)
10 creatures vanquished.

Grand Total: 115 creatures vanquished

Notes
Turn   | Place    | Note
-------+----------+-------------------------------------------
     0 | D:1      | barney the Vampire Berserker began the quest for the Orb.
     0 | D:1      | Reached XP level 1. HP: 17/17 MP: 1/1
   142 | D:1      | Reached skill level 1 in Stealth
   142 | D:1      | Reached XP level 2. HP: 23/23 MP: 2/2
   465 | D:1      | Reached skill level 1 in Unarmed Combat
   633 | D:2      | Noticed Robin
   646 | D:2      | Killed Robin
   647 | D:2      | Gained mutation: You are afflicted with vampirism and can
                  | become a bat while bloodless. [Vampire growth]
   647 | D:2      | Reached XP level 3. HP: 10/28 MP: 3/3
   903 | D:2      | Reached XP level 4. HP: 14/35 MP: 4/4
  1085 | D:2      | Reached ** piety under Trog
  1543 | D:2      | Found a faded altar of an unknown god.
  1884 | D:2      | Found a runed translucent door.
  1885 | D:2      | Noticed Crazy Yiuf
  1892 | D:2      | Killed Crazy Yiuf
  1893 | D:2      | Reached XP level 5. HP: 41/41 MP: 5/5
  2085 | D:3      | Found a glowing drain.
  2100 | Sewer    | Entered a sewer
  2338 | Sewer    | Reached XP level 6. HP: 47/47 MP: 6/6
  2339 | Sewer    | Reached *** piety under Trog
  2400 | Sewer    | Reached skill level 1 in Evocations
  2474 | D:3      | Gained mutation: You have a pair of small horns on your
                  | head. [potion of mutation]
  2474 | D:3      | Gained mutation: You passively dampen the noise of your
                  | surroundings. [potion of mutation]
  2474 | D:3      | Gained mutation: You tend to lose your temper in combat.
                  | [potion of mutation]
  2479 | D:3      | Found an iron altar of Okawaru.
  2704 | D:3      | Was placed under penance by Trog
  2707 | D:3      | Learned a level 2 spell: Wereblood
  2771 | D:3      | Found a shadowy altar of Dithmenos.
  3034 | D:4      | Reached XP level 7. HP: 49/53 MP: 7/7
  3214 | D:4      | Noticed Dowan
  3215 | D:4      | Noticed Duvessa
  3222 | D:4      | Killed Duvessa
  3223 | D:4      | Killed Dowan
  3224 | D:4      | Found a staircase to the Ecumenical Temple.
  3250 | Temple   | Entered the Ecumenical Temple
  3504 | D:4      | Killed from afar by an orc wizard

Illustrated notes

Levels and vault maps discovered:
D:1:      dpeg_arrival_radiant, layout_basic, minmay_misc_feat_hallway,
          minmay_tetromino_t4
D:2:      layout_loops_ring, ebering_ecumenical_altar_sacrificial,
          serial_bayou_lake_a, uniq_robin, uniq_crazy_yiuf_cottage
D:3:      layout_loops_ring, nicolae_dithmenos_the_darkroom,
          okawaru_ov_weapons_minmay, cheibrodos_sewer_entry_drain,
          solitary_fountain
D:4:      layout_basic, minmay_temple_entry_statues_fountains, uniq_duvessa
Temple:   nicolae_temple_figure_zero

Skill      XL: |  1  2  3  4  5  6  7 |
---------------+----------------------+-----
Stealth        | 1 2 3 4 |  4.6
Unarmed Combat | 1 2 3 |  3.3
Fighting       | 3 |  3.9
Armour         | 2 3 |  3.1
Dodging        | 3 4 |  4.2
Evocations     | 1 |  1.8
Long Blades    | 4 |  4.2

Action                   |  1- 3 |  4- 6 |  7- 9 || total
-------------------------+-------+-------+-------++-------
Melee: Falchion          |    55 |   143 |    22 ||   220
       Bite              |     8 |    13 |     5 ||    26
       Punch             |       |     3 |     1 ||     4
       Headbutt          |       |     4 |     7 ||    11
Invok: Berserk           |     1 |     4 |       ||     5
  Use: Potion            |       |     8 |     2 ||    10
       Scroll            |       |     5 |       ||     5
 Stab: Sleeping          |     3 |     8 |       ||    11
       Invisible         |       |     2 |       ||     2
Armor: Animal skin       |    13 |    10 |     1 ||    24
Dodge: Dodged            |    44 |    73 |    24 ||   141
Block: Other             |     5 |    33 |     7 ||    45
       Reflection        |     2 |       |     1 ||     3
       Rpst.: Falchion   |    16 |    26 |     5 ||    47
